 Dungeon Crawl Stone Soup version 0.28.0 (webtiles) character file.

Game seed: 2669309258376634488

28446 HallandMoats the Warrior (level 13, -1/92 HPs)
             Began as a Gargoyle Fighter on Feb 7, 2022.
             Was a High Priest of Okawaru.
             Killed by divine providence
             ... invoked by a meliai
              (14 damage)
             ... on level 14 of the Dungeon on Feb 8, 2022.
             The game lasted 00:27:09 (16870 turns).

HallandMoats the Warrior (Gargoyle Fighter)        Turns: 16870, Time: 00:27:10

Health: -1/92      AC: 26    Str: 25    XL:     13   Next: 38%
Magic:  21/28      EV: 22    Int: 10    God:    Okawaru [*****.]
Gold:   2457       SH:  7    Dex: 20    Spells: 12/12 levels left

rFire   . . .      SeeInvis .   a - +10 spear "Desuh" {venom, rPois MP+9 Int+4}
rCold   + + .      Faith    +   c - +0 buckler
rNeg    + + .      Spirit   .   A - +4 ring mail of Forking Paths {rC++ Int-3 Dex+7}
rPois   ∞          Reflect  .   x - +0 helmet
rElec   +          Harm     .   T - +1 cloak of Defiance {+Inv}
rCorr   .          Rampage  .   (no gloves)
Will    .....                   (no boots)
Stlth   +++.......              J - amulet of faith
HPRegen 0.25/turn               t - ring "Mucsy" {EV+4 Str+2 Dex+2}
MPRegen 0.21/turn               p - ring of positive energy

@: heroic, finesse-ful, studying Fighting
A: sickness immunity, AC +9, negative energy resistance 1, electricity
resistance, torment resistance 1, petrification resistance
a: Renounce Religion, Evoke Invisibility, Heroism, Finesse, Duel


You were on level 14 of the Dungeon.
You worshipped Okawaru.
Okawaru was extremely pleased with you.
You visited 1 branch of the dungeon, and saw 14 of its levels.
You also visited: Bailey and Gauntlet.

You collected 2599 gold pieces.
You spent 142 gold pieces at shops.

Inventory:

Hand Weapons
 a - the +10 spear "Desuh" (weapon) {venom, rPois MP+9 Int+4}
   (You found it on level 3 of the Dungeon)

   It poisons the flesh of those it strikes.
   Int:       It affects your intelligence (+4).
   rPois:     It protects you from poison.
   MP:        It affects your magic capacity (+9).
 b - a +2 war axe of venom
 w - the +11 mace "Ziehaate" {vorpal, rElec rPois rN+}
   (You found it on level 11 of the Dungeon)

   It inflicts extra damage upon your enemies.
   rElec:     It insulates you from electricity.
   rPois:     It protects you from poison.
   rN:        It protects you from negative energy.
 M - the +6 flail "Fuevemui" {speed, rElec rC+++ Will- Stlth+}
   (You found it on level 9 of the Dungeon)

   Attacks with this weapon are significantly faster.
   rC:        It renders you almost immune to cold.
   rElec:     It insulates you from electricity.
   Will:      It decreases your willpower.
   Stlth:     It makes you more stealthy.
Armour
 c - a +0 buckler (worn)
 x - a +0 helmet (worn)
 z - the +1 robe of Tender Moments {rC+++ Regen+ Str-5}
   (You bought it in a shop on level 3 of the Dungeon)

   Str:       It affects your strength (-5).
   rC:        It renders you almost immune to cold.
   Regen:     It increases your rate of health regeneration.
 A - the +4 ring mail of Forking Paths (worn) {rC++ Int-3 Dex+7}
   (You found it on level 6 of the Dungeon)

   Int:       It affects your intelligence (-3).
   Dex:       It affects your dexterity (+7).
   rC:        It greatly protects you from cold.
 I - a +0 pair of boots
 T - the +1 cloak of Defiance (worn) {+Inv}
   (You found it in a Gauntlet)

   +Inv:      It lets you turn invisible.
Jewellery
 i - a ring of protection from cold
 p - a ring of positive energy (right hand)
 r - an amulet of reflection
 t - the ring "Mucsy" (left hand) {EV+4 Str+2 Dex+2}
   (You acquired it on level 7 of the Dungeon)

   [ring of evasion]

   EV:        It affects your evasion (+4).
   Str:       It affects your strength (+2).
   Dex:       It affects your dexterity (+2).
 v - a +6 ring of intelligence
 y - a ring of resist corrosion
 J - an amulet of faith (around neck)
 S - a +4 ring of evasion
 V - a ring of see invisible
Wands
 g - a wand of flame (11)
 n - a wand of mindburst (32)
 q - a wand of digging (10)
 L - a wand of acid (11)
 P - a wand of iceblast (6)
 Q - a wand of paralysis (6)
 R - a wand of polymorph (6)
Scrolls
 e - a scroll of holy word {unknown}
 j - 3 scrolls of identify
 k - 11 scrolls of teleportation
 o - a scroll of immolation
 C - a scroll of noise {unknown}
 D - 7 scrolls of fog
 E - 4 scrolls of enchant armour
 F - 3 scrolls of amnesia
 H - 6 scrolls of enchant weapon
 K - a scroll of blinking {unknown}
 N - a scroll of summoning {unknown}
 U - 2 scrolls of vulnerability {unknown}
Potions
 d - 4 potions of might
 f - 2 potions of resistance
 l - 2 potions of brilliance
 m - 4 potions of curing
 s - 4 potions of attraction {unknown}
 u - a potion of berserk rage
 B - 6 potions of mutation
 G - 5 potions of ambrosia
 O - a potion of haste {unknown}


   Skills:
 * Level 15.3(20.3) Fighting
 + Level 8.3(15.4) Axes
 * Level 9.8(16.1) Polearms
 + Level 9.1(14.1) Armour
 + Level 6.3(11.3) Dodging
 - Level 4.9(9.9) Shields
 + Level 9.2 Invocations


You had 12 spell levels left.
You didn't know any spells.
Your spell library contained the following spells:

 Spells                   Type           Power      Damage    Failure   Level
 Beastly Appendage        Tmut           0%         N/A       54%         1
 Magic Dart               Conj           0%         1d3       54%         1
 Shock                    Conj/Air       0%         1d3       54%         1
 Wereblood                Tmut           0%         N/A       67%         2
 Frozen Ramparts          Ice            0%         1d2       88%         3
 Mephitic Cloud           Conj/Pois/Air  0%         N/A       88%         3
 Spider Form              Tmut/Pois      0%         N/A       88%         3
 Stone Arrow              Conj/Erth      0%         3d7       88%         3
 Swiftness                Air            0%         N/A       88%         3
 Airstrike                Air            0%         N/A       99%         4
 Fulminant Prism          Conj/Hex       0%         3d6       99%         4
 Ice Form                 Ice/Tmut       0%         N/A       99%         4
 Iskenderun's Mystic Bla  Conj/Tloc      0%         2d3       99%         4
 Leda's Liquefaction      Hex/Erth       0%         N/A       99%         4
 Blade Hands              Tmut           0%         N/A       100%        5
 Irradiate                Conj/Tmut      0%         3d13      100%        5
 Lee's Rapid Deconstruct  Erth           0%         3d5*      100%        5
 Dragon Form              Tmut           0%         N/A       100%        7
 Lehudib's Crystal Spear  Conj/Erth      0%         10d2      100%        8
 Call Imp                 Summ           Unusable   N/A       N/A         2
 Animate Armour           Summ/Erth      Unusable   N/A       N/A         4
 Summon Ice Beast         Ice/Summ       Unusable   N/A       N/A         4
 Statue Form              Tmut/Erth      Unusable   N/A       N/A         6

Dungeon Overview and Level Annotations

Branches:
Dungeon (14/15)            Temple (0/1) D:5            Lair (0/6) D:10
    Orc (0/2) D:12         Vaults (0/5) D:13         Bailey (visited)
Gauntlet (visited)

Altars:
Cheibriados
Elyvilon
Hepliaklqana
Okawaru
Ru
Trog
Xom
Yredelemnul
Zin

Shops:
D:3 [   D:5 [   D:12 [

Annotations:
D:12 1 runed translucent door, Lytaqeus's ghost, journeyman GnWn


Innate Abilities, Weirdness & Mutations

You are immune to sickness and miasma.
Your stone body is resilient. (AC +9)
You are immune to poison.
You resist negative energy. (rN+)
You are resistant to electric shocks. (rElec)
You are resistant to unholy torment.
You are immune to petrification.


Message History

The meliai calls down the wrath of its god upon you.
Something smites you!
Items here: ( )))))) [[[ ††.
The meliai hits you with a +0 war axe. The meliai stings you!
You completely miss the meliai.
The meliai mumbles some strange prayers to its god against you.
Something smites you!
The meliai calls down the wrath of its god upon you.
Something smites you!
* * * LOW HITPOINT WARNING * * *
You are too injured to fight recklessly!
The meliai misses you. The meliai barely misses you.
Items here: ( )))))) [[[ ††.
Okay, then.
You feel much better. The meliai hits you but does no damage.
You block the meliai's attack. The meliai barely misses you. x2
The meliai hits you with a +0 hand axe! The meliai misses you.
You block the meliai's attack. The meliai misses you.
You gain the combat prowess of a mighty hero.
The meliai misses you. The meliai stings you!
The meliai hits you with a +0 war axe. You block the meliai's attack.
The meliai hits you but does no damage. You block the meliai's attack.
The meliai misses you.
The meliai stings you but does no damage.
You can now deal lightning-fast blows.
The meliai mumbles some strange prayers to its god against you.
Something smites you!
* * * LOW HITPOINT WARNING * * *
You block the meliai's attack.
The meliai stings you but does no damage.
The meliai hits you but does no damage.
The meliai stings you but does no damage.
The meliai hits you but does no damage. You block the meliai's attack.
You puncture the meliai!
The meliai is poisoned.
The meliai is moderately wounded.
The meliai closely misses you. You block the meliai's attack.
You hit the meliai but do no damage.
The meliai is poisoned.
The meliai mumbles some strange prayers to its god against you.
Something smites you!
You die...

#.......#######
#..............
...............
...............
####.............
#..#.............
#..#.............
#..#....yy.......
#..######@.......
#....<..').......
#.......#).......
#.......#####....
#.....(.....#....
#......[....# ...
#...........# ..
..........)...#
####.........##


You could see 2 meliai.

Vanquished Creatures
  Kirke (Arena)
  A minotaur (Gauntlet)
  A great orb of eyes (shapeshifter) (Gauntlet)
  A vault guard (D:13)
  A centaur warrior (D:14)
  2 two-headed ogres
  2 death knights (D:13)
  A boulder beetle (D:13)
  A tengu warrior (D:14)
  A steelbarb worm (shapeshifter) (Gauntlet)
  A swamp dragon (shapeshifter) (Gauntlet)
  A lindwurm (shapeshifter) (Gauntlet)
  The ghost of Nonny the Covered, a novice VSGl of Qazlal (D:8)
  4 deep elf pyromancers
  Joseph (D:8)
  A gargoyle (D:11)
  2 unseen horrors (D:11)
  2 minotaur zombies (Gauntlet)
  A rime drake (shapeshifter) (Gauntlet)
  A yaktaur (D:13)
  2 kobold demonologists (D:13)
  3 komodo dragons
  4 meliai
  3 trolls
  Grinder (D:4)
  A blink frog (shapeshifter) (D:13)
  2 slime creatures (D:13)
  2 wraiths
  11 yaks
  6 wyverns
  A human (shapeshifter) (Gauntlet)
  11 humans
  3 vampire mosquitoes (D:12)
  7 water moccasins
  Duvessa (D:6)
  3 small abominations (Gauntlet)
  19 orc warriors
  An ice beast (D:6)
  A sky beast (D:8)
  3 necrophages
  A phantom (D:6)
  20 centaurs
  3 kobold brigands
  Blork the orc (D:4)
  A gnoll sergeant (D:9)
  A scorpion (D:5)
  Dowan (D:6)
  A water moccasin skeleton (D:6)
  5 killer bees (D:8)
  14 wights
  2 centaur zombies
  A jelly (D:4)
  A bullfrog skeleton (D:6)
  2 centaur skeletons
  2 hounds
  14 orc priests
  A gnoll shaman (D:4)
  2 iguanas (D:6)
  An iguana (shapeshifter) (Gauntlet)
  20 orc wizards
  A killer bee zombie (D:7)
  A hound zombie (D:5)
  A howler monkey zombie (D:9)
  11 gnolls
  7 adders
  A shadow imp (D:5)
  3 white imps
  An ufetubus (D:6)
  2 dart slugs (D:4)
  81 orcs
  5 bats
  8 endoplasms
  3 giant cockroaches (D:4)
  19 goblins
  3 hobgoblins
  5 jackals
  4 quokkas
  6 ball pythons
  A frilled lizard (D:3)
  11 kobolds
  6 rats
386 creatures vanquished.

Vanquished Creatures (others)
  A demonic plant (Gauntlet)
  5 fungi
  17 plants
23 creatures vanquished.

Grand Total: 409 creatures vanquished

Notes
Turn   | Place    | Note
-------+----------+-------------------------------------------
     0 | D:1      | HallandMoats the Gargoyle Fighter began the quest for the
                  | Orb.
     0 | D:1      | Reached XP level 1. HP: 14/14 MP: 1/1
   300 | D:1      | Reached XP level 2. HP: 19/19 MP: 2/2
   802 | D:1      | Reached skill level 1 in Invocations
   955 | D:2      | Found a shimmering altar of Xom.
  1136 | D:2      | Reached XP level 3. HP: 23/24 MP: 3/3
  1175 | D:2      | Found a faded altar of an unknown god.
  1178 | D:2      | Prayed at the altar of an unknown god.
  1178 | D:2      | Became a worshipper of Warmaster Okawaru
  1178 | D:2      | Reached * piety under Okawaru
  1596 | D:2      | Reached XP level 4. HP: 27/29 MP: 5/5
  2283 | D:3      | Found a sacrificial altar of Ru.
  2285 | D:3      | Reached skill level 4 in Fighting
  2314 | D:3      | Reached skill level 1 in Dodging
  2495 | D:3      | Found Mixymief's Antique Armour Shop.
  2739 | D:3      | Reached XP level 5. HP: 26/33 MP: 6/6
  2859 | D:3      | Found an iron altar of Okawaru.
  2884 | D:3      | Noticed a necrophage
  2903 | D:3      | Killed a necrophage
  2904 | D:3      | Reached XP level 6. HP: 34/39 MP: 6/8
  2972 | D:3      | Identified the +10 spear "Desuh" {venom, rPois MP+9 Int+4}
  3378 | D:4      | Noticed Blork the orc
  3384 | D:4      | Killed Blork the orc
  3385 | D:4      | Reached skill level 1 in Polearms
  3512 | D:4      | Reached XP level 7. HP: 29/44 MP: 9/9
  3541 | D:4      | Reached ** piety under Okawaru
  3542 | D:4      | Reached skill level 5 in Fighting
  4307 | D:4      | Noticed Grinder
  4313 | D:4      | Paralysed by Grinder for 5 turns
  4318 | D:4      | Killed Grinder
  4452 | D:5      | Entered Level 5 of the Dungeon
  4452 | D:5      | Found a staircase to the Ecumenical Temple.
  4497 | D:5      | Reached XP level 8. HP: 50/50 MP: 10/10
  4540 | D:5      | Reached *** piety under Okawaru
  4865 | D:5      | Identified the +3 leather armour of the Shrike {Int+3}
  5053 | D:5      | Found a basalt altar of Yredelemnul.
  5123 | D:5      | Found Yhemekk's Armour Emporium.
  5158 | D:5      | Reached skill level 6 in Fighting
  5413 | D:3      | Bought a colourful robe for 142 gold pieces
  5413 | D:3      | Identified the +1 robe of Tender Moments {rC+++ Regen+
                  | Str-5} (You bought it in a shop on level 3 of the Dungeon)
  5610 | D:6      | Found a hazy altar of Hepliaklqana.
  5642 | D:6      | Identified the +4 ring mail of Forking Paths {rC++ Int-3
                  | Dex+7}
  5686 | D:6      | Noticed Dowan
  5686 | D:6      | Noticed Duvessa
  5690 | D:6      | Killed Dowan
  5705 | D:6      | Killed Duvessa
  5991 | D:6      | Found a bloodstained altar of Trog.
  6013 | D:6      | Reached skill level 5 in Invocations
  6015 | D:6      | Reached XP level 9. HP: 56/56 MP: 12/12
  6059 | D:6      | Reached skill level 5 in Armour
  6284 | D:6      | Reached **** piety under Okawaru
  6329 | D:6      | Reached skill level 5 in Axes
  6516 | D:6      | Found a shimmering altar of Xom.
  6719 | D:7      | Identified a scroll of acquirement
  6720 | D:7      | Acquired the ring "Mucsy" {EV+4 Str+2 Dex+2}
  6822 | D:7      | Reached skill level 7 in Fighting
  6955 | D:7      | Found a snail-covered altar of Cheibriados.
  6995 | D:7      | Received a gift from Okawaru
  7047 | D:7      | Found a glowing silver altar of Zin.
  7378 | D:8      | Found a flagged portal.
  7451 | Bailey   | Entered a bailey
  7812 | Bailey   | Reached XP level 10. HP: 62/64 MP: 14/14
  7820 | Bailey   | Reached skill level 5 in Polearms
  7861 | Bailey   | Reached ***** piety under Okawaru
  8037 | Bailey   | Reached skill level 8 in Fighting
  8302 | Bailey   | Received a gift from Okawaru
  8832 | D:8      | Found a runed translucent door.
  8848 | D:8      | Noticed Nonny's ghost (novice VSGl)
  8905 | D:8      | Noticed Joseph
  8924 | D:8      | Killed Joseph
  9229 | D:8      | Reached skill level 9 in Fighting
  9356 | D:8      | Killed Nonny's ghost
  9747 | D:9      | Identified the +6 flail "Fuevemui" {speed, rElec rC+++
                  | Will- Stlth+}
 10007 | D:9      | Identified the +3 lajatang of the Orb {vorpal, rPois Str+6}
                  | (Okawaru gifted it to you on level 9 of the Dungeon)
 10007 | D:9      | Received a gift from Okawaru
 10013 | D:9      | Reached XP level 11. HP: 67/72 MP: 16/16
 10041 | D:9      | Reached skill level 10 in Fighting
 10187 | D:10     | Entered Level 10 of the Dungeon
 10464 | D:10     | Found a white marble altar of Elyvilon.
 10673 | D:10     | Reached ****** piety under Okawaru
 10674 | D:10     | Reached skill level 11 in Fighting
 10708 | D:10     | Found a staircase to the Lair.
 10714 | D:10     | Received a gift from Okawaru
 11032 | D:11     | Identified the +11 mace "Ziehaate" {vorpal, rElec rPois
                  | rN+}
 11081 | D:11     | Found a gate leading to a gauntlet.
 11109 | Gauntlet | Entered a Gauntlet
 11109 | Gauntlet | Noticed a fire crab
 11109 | Gauntlet | Found a transporter.
 11109 | Gauntlet | Found a runed translucent gate.
 11109 | Gauntlet | Found a transporter.
 11218 | Gauntlet | Found a runed translucent door.
 11219 | Gauntlet | Found a runed translucent gate.
 11219 | Gauntlet | Found a runed translucent gate.
 11220 | Gauntlet | Found a transporter.
 11222 | Gauntlet | Found a runed translucent door.
 11225 | Gauntlet | Noticed a wizard
 11232 | Gauntlet | Found a transporter.
 11249 | Gauntlet | Noticed a moth of wrath
 11249 | Gauntlet | a floating eye changed into a moth of wrath
 11250 | Gauntlet | Found a transporter.
 11250 | Gauntlet | Found a transporter.
 11250 | Gauntlet | Found a transporter.
 11252 | Gauntlet | Found a transporter.
 11252 | Gauntlet | Found a transporter.
 11253 | Gauntlet | Noticed an ice dragon
 11253 | Gauntlet | a moth of wrath changed into an ice dragon
 11257 | Gauntlet | Found a runed translucent door.
 11262 | Gauntlet | Found a runed translucent door.
 11264 | Gauntlet | Found a transporter.
 11278 | Gauntlet | Noticed a faun
 11280 | Gauntlet | Found a transporter.
 11290 | Gauntlet | Found a transporter.
 11307 | Gauntlet | Found a transporter.
 11321 | Gauntlet | Noticed a glowing orange brain
 11321 | Gauntlet | an eye of devastation changed into a glowing orange brain
 11324 | Gauntlet | Found a transporter.
 11411 | Gauntlet | Noticed a salamander
 11412 | Gauntlet | Noticed a stone giant
 11416 | Gauntlet | Noticed a frost giant
 11416 | Gauntlet | a stone giant changed into a frost giant
 11417 | Gauntlet | Noticed a sphinx
 11417 | Gauntlet | a frost giant changed into a sphinx
 11420 | Gauntlet | Noticed a harpy
 11420 | Gauntlet | a salamander changed into a harpy
 11421 | Gauntlet | Noticed a moth of wrath
 11421 | Gauntlet | a tarantella changed into a moth of wrath
 11421 | Gauntlet | Noticed an azure jelly
 11421 | Gauntlet | a sphinx changed into an azure jelly
 11425 | Gauntlet | a harpy changed into a queen bee
 11426 | Gauntlet | Noticed a fenstrider witch
 11426 | Gauntlet | an azure jelly changed into a fenstrider witch
 11431 | Gauntlet | Noticed an iron troll
 11431 | Gauntlet | a fenstrider witch changed into an iron troll
 11433 | Gauntlet | Noticed a death yak
 11433 | Gauntlet | an iron troll changed into a death yak
 11436 | Gauntlet | Noticed a quicksilver ooze
 11436 | Gauntlet | a death yak changed into a quicksilver ooze
 11437 | Gauntlet | Noticed a bunyip
 11437 | Gauntlet | a quicksilver ooze changed into a bunyip
 11438 | Gauntlet | Noticed an anaconda
 11438 | Gauntlet | a bunyip changed into an anaconda
 11439 | Gauntlet | Noticed an ice dragon
 11439 | Gauntlet | an anaconda changed into an ice dragon
 11447 | Gauntlet | a moth of wrath changed into an eye of devastation
 11447 | Gauntlet | Noticed a great orb of eyes
 11447 | Gauntlet | an ice dragon changed into a great orb of eyes
 11449 | Gauntlet | a great orb of eyes changed into something unseen
 11452 | Gauntlet | Noticed a storm dragon
 11453 | Gauntlet | Noticed a swamp dragon
 11453 | Gauntlet | an eye of devastation changed into a swamp dragon
 11460 | Gauntlet | Noticed a spark wasp
 11460 | Gauntlet | a storm dragon changed into a spark wasp
 11464 | Gauntlet | a spark wasp changed into something unseen
 11465 | Gauntlet | Noticed an ice dragon
 11469 | Gauntlet | Noticed a spark wasp
 11469 | Gauntlet | an ice dragon changed into a spark wasp
 11472 | Gauntlet | Noticed a fire dragon
 11472 | Gauntlet | a spark wasp changed into a fire dragon
 11472 | Gauntlet | Noticed a steelbarb worm
 11474 | Gauntlet | Killed a swamp dragon
 11487 | Gauntlet | Noticed a great orb of eyes
 11487 | Gauntlet | a fire dragon changed into a great orb of eyes
 11496 | Gauntlet | Killed a great orb of eyes
 11505 | Gauntlet | Killed a steelbarb worm
 11506 | Gauntlet | Reached skill level 5 in Dodging
 11509 | Gauntlet | Reached skill level 12 in Fighting
 11520 | Gauntlet | Noticed a cyclops
 11554 | Gauntlet | Noticed a moth of wrath
 11555 | Gauntlet | a moth of wrath changed into a redback
 11559 | Gauntlet | Noticed a mana viper
 11559 | Gauntlet | a redback changed into a mana viper
 11564 | Gauntlet | a mana viper changed into an eye of devastation
 11565 | Gauntlet | Noticed a sea snake
 11565 | Gauntlet | an eye of devastation changed into a sea snake
 11573 | Gauntlet | Noticed a glowing orange brain
 11573 | Gauntlet | a sea snake changed into a glowing orange brain
 11579 | Gauntlet | a glowing orange brain changed into an eye of devastation
 11583 | Gauntlet | Noticed a wolf spider
 11583 | Gauntlet | an eye of devastation changed into a wolf spider
 11584 | Gauntlet | Noticed a broodmother
 11584 | Gauntlet | a wolf spider changed into a broodmother
 11586 | Gauntlet | Noticed an ettin
 11586 | Gauntlet | a broodmother changed into an ettin
 11588 | Gauntlet | Noticed an alligator
 11588 | Gauntlet | an ettin changed into an alligator
 11592 | Gauntlet | Noticed a boulder beetle
 11592 | Gauntlet | an alligator changed into a boulder beetle
 11594 | Gauntlet | Noticed an entropy weaver
 11594 | Gauntlet | a boulder beetle changed into an entropy weaver
 11595 | Gauntlet | Noticed a goliath frog
 11595 | Gauntlet | an entropy weaver changed into a goliath frog
 11597 | Gauntlet | a cyclops changed into a komodo dragon
 11600 | Gauntlet | Noticed an ice dragon
 11600 | Gauntlet | a goliath frog changed into an ice dragon
 11605 | Gauntlet | Noticed a spark wasp
 11605 | Gauntlet | an ice dragon changed into a spark wasp
 11607 | Gauntlet | Noticed a radroach
 11607 | Gauntlet | a spark wasp changed into a radroach
 11608 | Gauntlet | Noticed a wolf spider
 11608 | Gauntlet | a radroach changed into a wolf spider
 11610 | Gauntlet | Noticed a harpy
 11610 | Gauntlet | a cane toad changed into a harpy
 11611 | Gauntlet | Noticed a radroach
 11611 | Gauntlet | a wolf spider changed into a radroach
 11614 | Gauntlet | Noticed a goliath frog
 11614 | Gauntlet | a radroach changed into a goliath frog
 11621 | Gauntlet | a harpy changed into a black bear
 11627 | Gauntlet | a goliath frog changed into a slime creature
 11633 | Gauntlet | Noticed a mana viper
 11633 | Gauntlet | a snapping turtle changed into a mana viper
 11635 | Gauntlet | a mana viper changed into a komodo dragon
 11644 | Gauntlet | Noticed a fire crab
 11644 | Gauntlet | a raiju changed into a fire crab
 11648 | Gauntlet | Noticed a harpy
 11648 | Gauntlet | a fire crab changed into a harpy
 11653 | Gauntlet | a harpy changed into a naga
 11677 | Gauntlet | Noticed a salamander
 11677 | Gauntlet | a fire bat changed into a salamander
 11685 | Gauntlet | a salamander changed into a yak
 11701 | Gauntlet | Noticed a manticore
 11701 | Gauntlet | a wind drake changed into a manticore
 11709 | Gauntlet | Noticed a shock serpent
 11723 | Gauntlet | Noticed a wolf spider
 11723 | Gauntlet | a shock serpent changed into a wolf spider
 11724 | Gauntlet | Noticed a steelbarb worm
 11724 | Gauntlet | a wolf spider changed into a steelbarb worm
 11728 | Gauntlet | a steelbarb worm changed into a dream sheep
 11732 | Gauntlet | Noticed a shock serpent
 11732 | Gauntlet | a dream sheep changed into a shock serpent
 11737 | Gauntlet | Identified the +1 cloak of Defiance {+Inv}
 11737 | Gauntlet | Noticed a lindwurm
 11737 | Gauntlet | a shock serpent changed into a lindwurm
 11752 | Gauntlet | Killed a lindwurm
 11901 | Gauntlet | Noticed a minotaur
 11917 | Gauntlet | Killed a minotaur
 11918 | Gauntlet | Reached XP level 12. HP: 76/82 MP: 17/17
 12031 | D:11     | Noticed a two-headed ogre
 12049 | D:11     | Killed a two-headed ogre
 12416 | D:11     | Acquired 670 gold pieces
 12550 | D:11     | Identified the +5 broad axe "Acutuz" {elec, *Noise rC-
                  | Will+ Int+9} (Okawaru gifted it to you on level 11 of the
                  | Dungeon)
 12550 | D:11     | Received a gift from Okawaru
 12551 | D:11     | Reached skill level 13 in Fighting
 12569 | D:11     | Acquired 1013 gold pieces
 12902 | D:12     | Noticed a two-headed ogre
 12914 | D:12     | Killed a two-headed ogre
 12966 | D:12     | Noticed Kirke
 12967 | D:12     | Noticed a sphinx
 12980 | Arena    | Entered the Arena
 12989 | Arena    | Noticed a sphinx
 13002 | Arena    | Killed Kirke
 13088 | D:12     | Received a gift from Okawaru
 13475 | D:12     | Found a staircase to the Orcish Mines.
 13928 | D:12     | Found a runed translucent door.
 13934 | D:12     | Noticed Lytaqeus's ghost (journeyman GnWn)
 13934 | D:12     | Noticed a deep troll earth mage
 14006 | D:12     | Reached skill level 14 in Fighting
 14210 | D:12     | Found Kadekh's Armour Shoppe.
 15297 | D:13     | Noticed a soul eater
 15298 | D:13     | Reached XP level 13. HP: 90/91 MP: 19/19
 15362 | D:13     | Received a gift from Okawaru
 16040 | D:13     | Found a gate to the Vaults.
 16040 | D:13     | Noticed a vault guard
 16055 | D:13     | Killed a vault guard
 16208 | D:13     | Reached skill level 15 in Fighting
 16870 | D:14     | Killed from afar by a meliai

Illustrated notes

Levels and vault maps discovered:
D:1:      amcnicky_arrival_wind_blow, layout_basic
D:2:      layout_rooms, shapermc_ecumenical_altar_mp_urbaneastern, basic_altar
D:3:      layout_basic, marbit_many_paths, mainiacjoe_overflow_24_doors,
          serial_shops, shop
D:4:      layout_basic, serial_forest, infiniplex_forest_end_1,
          infiniplex_forest_clump_C, infiniplex_forest_clump_long,
          infiniplex_forest_straight_2, infiniplex_forest_side_room,
          infiniplex_forest_fountain, infiniplex_forest_fountain,
          minmay_pentangle, uniq_grinder, uniq_blork_the_orc
D:5:      layout_rooms, old_standard_altar, minmay_temple_entry_gardened_gates,
          serial_shops, nicolae_shop_crystal
D:6:      layout_basic, mainiacjoe_overflow_surrounded_room,
          mainiacjoe_overflow_catwalk_spiral, uniq_duvessa
D:7:      layout_basic, lemuel_tele_altar, cheibriados_altar_1,
          nicolae_lava_and_water, nicolae_figureground_sparkle
D:8:      layout_basic, enter_bailey_5, hellmonk_ghost_happy_afterlife,
          uniq_joseph
D:9:      layout_cave_pools, minmay_ruffians
D:10:     layout_roguey, elyvilon_altar_3, minmay_lair_entry_grove
D:11:     layout_roguey, gauntlet_entry_generic, chequers_garden
D:12:     layout_basic, david_orc_4, ebering_ghost_inner_flame, serial_shops,
          nicolae_shop_temple_entry_statues_fountains, uniq_kirke
D:13:     layout_loops_ring, david_vaults_5
D:14:     layout_irregular_city, corexii_corridor_pit

Skill      XL: |  1  2  3  4  5  6  7  8  9 10 11 12 13 |
---------------+----------------------------------------+-----
Axes           | 2 3 4 5 6 7 8 |  8.3
Invocations    | 1 2 3 5 6 7 8 9 |  9.2
Fighting       | 4 5 6 7 9 12 14 15 | 15.3
Dodging        | 1 2 3 4 5 6 |  6.3
Shields        | 4 |  4.9
Polearms       | 1 2 3 4 6 7 9 |  9.8
Armour         | 4 5 6 7 8 9 |  9.1

Action                   |  1- 3 |  4- 6 |  7- 9 | 10-12 | 13-15 || total
-------------------------+-------+-------+-------+-------+-------++-------
Melee: War axe           |   133 |    31 |       |       |       ||   164
       Spear             |       |    82 |   355 |   825 |   139 ||  1401
       Unarmed           |       |       |       |     5 |       ||     5
Throw: Throwing net      |       |       |       |     1 |       ||     1
Invok: Heroism           |       |     1 |       |     5 |     3 ||     9
       Finesse           |       |       |       |     4 |     3 ||     7
       Duel              |       |       |       |     1 |       ||     1
  Use: Scroll            |       |       |    12 |     9 |       ||    21
       Potion            |       |       |       |     7 |     2 ||     9
 Stab: Invisible         |       |       |       |    17 |       ||    17
       Held in net/web   |       |       |       |     1 |       ||     1
Armor: Scale mail        |   105 |    50 |    61 |       |       ||   216
       Leather armour    |       |       |    34 |       |       ||    34
       Ring mail         |       |       |    67 |   232 |    52 ||   351
Dodge: Dodged            |   108 |    29 |   171 |   440 |   108 ||   856
Block: Buckler           |    37 |    22 |    70 |   134 |    30 ||   293
